 Dungeon Crawl Stone Soup version 0.19-a0-1937-g70ed36a (webtiles) character file.

8272 Kaname the Tainter (level 11, -3/79 HPs)
             Began as a Demonspawn Venom Mage on Oct 27, 2016.
             Was a High Priest of Okawaru.
             Slain by a polar bear (21 damage)
             ... in an ice cave.
             The game lasted 01:01:56 (14153 turns).

Kaname the Tainter (Demonspawn Venom Mage)         Turns: 14153, Time: 01:01:57

Health: -3/79      AC: 12    Str:  8      XL:     11   Next: 7%
Magic:  0/17       EV: 11    Int: 23      God:    Okawaru [*****.]
Gold:   571        SH:  0    Dex: 13 (14) Spells: 4 memorised, 7 levels left

rFire  . . .     SeeInvis .     M - +1 trident (vamp)
rCold  + . .     Gourm    .     L - +1 leather armour of the Barracuda {rPois}
rNeg   . . .     Faith    .     (no shield)
rPois  +         Spirit   +     Q - +2 hat {Int+3}
rElec  .         Reflect  .     (no cloak)
rCorr  .         Harm     +     P - +2 pair of gloves
MR     .....     Rnd*Tele +     r - +0 pair of boots
Stlth  +++.......               z - amulet of harm
                                v - ring of protection from cold
                                A - ring of wizardry

@: very slightly contaminated, invisible
A: hooves 2, slimy green scales 1, blink, demonic guardian 1, teleportitis 1,
magic shield
a: Blink, Heroism, Finesse, Renounce Religion


You were in an ice cave.
You worshipped Okawaru.
Okawaru was extremely pleased with you.
You were very hungry.

You visited 1 branch of the dungeon, and saw 11 of its levels.
You also visited: Sewer and Ice Cave.

You collected 571 gold pieces.

Inventory:

Hand Weapons
 j - a +0 rapier
 s - a +0 blowgun
 F - the +5 hand crossbow "Houbb" {flame, +Blink Str-4 Dex+3, unknown}
   (You found it on level 9 of the Dungeon)

   It causes projectiles fired from it to burn those they strike, causing extra
   injury to most foes and up to half again as much damage against particularly
   susceptible opponents.
   It affects your strength (-4).
   It affects your dexterity (+3).
   It lets you blink.
 K - a +1 whip of distortion
 M - a +1 vampiric trident (weapon)
Missiles
 t - 3 curare-tipped needles
Armour
 r - a +0 pair of boots (worn)
 L - the +1 leather armour of the Barracuda (worn) {rPois}
   (You found it on level 6 of the Dungeon)

   It protects you from poison.
 P - a +2 pair of gloves (worn)
 Q - a +2 hat of intelligence (worn)
Jewellery
 v - a ring of protection from cold (right hand)
 x - an uncursed ring of teleportation
 z - an amulet of harm (around neck)
 A - a ring of wizardry (left hand)
Wands
 e - a wand of lightning (1/15)
 y - a wand of polymorph (0/24)
 C - a wand of iceblast (6/15)
Scrolls
 f - 4 scrolls of remove curse
 h - 2 scrolls of fear
 i - 3 scrolls of enchant armour
 n - 2 scrolls of amnesia
 E - 2 scrolls of fog {unknown}
 G - a scroll of recharging {unknown}
 H - a scroll of immolation {unknown}
 J - a scroll of identify
 N - a scroll of random uselessness {unknown}
Potions
 a - a potion of ambrosia {unknown}
 d - 3 potions of cancellation
 l - 4 potions of brilliance
 D - 2 potions of flight
 O - a potion of cure mutation
Books
 b - a Young Poisoner's Handbook

   Spells                             Type                      Level
   a - Sting                          Conjuration/Poison           1
   b - Mephitic Cloud                 Conjuration/Poison/Air       3
   c - Olgreb's Toxic Radiance        Poison                       4
   d - Alistair's Intoxication        Transmutation/Poison         5
   e - Venom Bolt                     Conjuration/Poison           5
Comestibles
 c - 7 bread rations
 m - 5 meat rations
 p - 4 slices of pizza
 u - 3 beef jerkies


   Skills:
 - Level 5.0 Fighting
 * Level 6.7 Short Blades
 - Level 1.7 Dodging
 - Level 6.2 Stealth
 - Level 4.0 Spellcasting
 - Level 8.1 Conjurations
 - Level 2.1 Translocations
 - Level 2.3 Air Magic
 - Level 8.3 Poison Magic
 + Level 6.2 Invocations
 - Level 1.0 Evocations


You had 7 spell levels left.
You knew the following spells:

 Your Spells              Type           Power        Failure   Level  Hunger
a - Sting                 Conj/Pois      ####         1%          1    None
b - Mephitic Cloud        Conj/Pois/Air  ####....     1%          3    ##.....
c - Venom Bolt            Conj/Pois      #####.....   7%          5    ######.
d - Blink                 Tloc           N/A          4%          2    #......


Dungeon Overview and Level Annotations

Branches:
Dungeon (11/15)            Temple (0/1) D:7            Lair (0/6) D:8
    Orc: D:9-12

Altars:
Dithmenos
Elyvilon
Fedhas
Kikubaaqudgha
Makhleb
Nemelex Xobeh
Okawaru
Ru
Trog
Vehumet
Zin
The Shining One

Portals:
Trove: D:10 (show abyssal rune of Zot)


Innate Abilities, Weirdness & Mutations

You have hoof-like feet.
You are partially covered in slimy green scales. (AC +2)
A weak demonic guardian rushes to your aid.
When hurt, damage is shared between your health and your magic reserves.
You can translocate small distances at will.
You are occasionally teleported next to monsters.


Message History

Your quasit closely misses the polar bear.
Your quasit barely misses the polar bear.
Your white imp hits the polar bear.
Your white imp freezes the polar bear.
The polar bear resists.
The polar bear barely misses your white imp.
The polar bear claws your white imp. x2
Your white imp dies!
Your quasit bites the polar bear.
Your quasit claws the polar bear but does no damage.
Your quasit claws the polar bear.
Your quasit disappears in a puff of smoke!
Casting: Mephitic Cloud
Confirm with . or Enter, or press ? or * to list all spells.
You blink.
Casting: Blink
Confirm with . or Enter, or press ? or * to list all spells.
Okay, then.
You fade into invisibility!
The polar bear bites you!!
You die...

####
##..#
#..@##
#..#h.#
#..
#..##
#.
##..# #
#..##
##..#
#..#
##.##
#..#


You could see a polar bear (berserk).

Vanquished Creatures
  A black mamba (D:10)
  A gargoyle (D:11)
  A polar bear (IceCv)
  A two-headed ogre (D:5)
  3 hippogriffs
  A shadow (D:11)
  8 yaks
  A human (D:7)
  3 hogs (D:7)
  Edmund (D:6)
  A water moccasin (D:6)
  2 hell hounds (D:8)
  Purgy (Sewer)
  3 sky beasts
  An ice beast (D:8)
  4 orc warriors
  A phantom (D:8)
  A necrophage (D:8)
  An ogre (D:10)
  3 centaurs
  13 bullfrogs
  Blork the orc (D:4)
  A gnoll sergeant (D:10)
  5 scorpions
  7 killer bees
  A howler monkey (D:10)
  9 crimson imps
  A bullfrog zombie (D:11)
  3 quasits
  2 hounds
  2 jellies
  9 orc priests
  2 iguanas
  3 bullfrog skeletons
  A centaur skeleton (D:6)
  Terence (D:1)
  9 orc wizards
  2 worker ants
  A hound zombie (D:5)
  A hound skeleton (D:5)
  A worker ant zombie (D:5)
  Robin (D:2)
  4 gnolls (D:10)
  12 adders
  4 shadow imps
  An ooze (D:1)
  2 adder zombies
  An adder skeleton (D:8)
  5 worms
  5 dart slugs
  7 leopard geckos
  38 orcs
  2 ball pythons
  11 bats
  8 giant cockroaches
  12 goblins
  14 hobgoblins
  18 jackals
  6 quokkas
  3 frilled lizards
  12 kobolds
  2 quokka zombies (D:5)
  12 rats
294 creatures vanquished.

Vanquished Creatures (collateral kills)
  A yak (D:10)
  2 centaurs
  An adder (D:9)
  A shadow imp (D:9)
  A quokka (D:11)
6 creatures vanquished.

Vanquished Creatures (others)
  A wizard (D:3)
1 creature vanquished.

Grand Total: 301 creatures vanquished

Notes
Turn   | Place    | Note
-------+----------+-------------------------------------------
     0 | D:1      | Kaname the Demonspawn Venom Mage began the quest for the Orb.
     0 | D:1      | Reached XP level 1. HP: 13/13 MP: 3/3
    59 | D:1      | Reached skill level 1 in Conjurations
   131 | D:1      | Gained mutation: You are partially covered in slimy green scales. (AC +2) [demonic ancestry]
   131 | D:1      | Reached XP level 2. HP: 19/19 MP: 3/5
   662 | D:1      | Gained mutation: When hurt, damage is shared between your health and your magic reserves. [demonic ancestry]
   662 | D:1      | Reached XP level 3. HP: 24/24 MP: 6/6
   700 | D:1      | Learned a level 3 spell: Mephitic Cloud
  1892 | D:2      | Noticed Terence
  2124 | D:2      | Found an iron altar of Okawaru.
  2143 | D:2      | Reached XP level 4. HP: 30/30 MP: 0/7
  2189 | D:2      | Became a worshipper of Warmaster Okawaru
  2689 | D:2      | Noticed Robin
  2694 | D:2      | Reached skill level 1 in Air Magic
  2724 | D:2      | Killed Robin
  2992 | D:1      | Killed Terence
  2992 | D:1      | Reached XP level 5. HP: 28/35 MP: 2/8
  4095 | D:3      | Found a bloodstained altar of Trog.
  4102 | D:3      | Noticed a wizard
  4109 | D:3      | Killed a wizard
  4642 | D:4      | Noticed Blork the orc
  4651 | D:4      | Killed Blork the orc
  4651 | D:4      | Reached skill level 5 in Conjurations
  4651 | D:4      | Reached XP level 6. HP: 24/41 MP: 1/9
  4806 | D:4      | Found a sparkling altar of Nemelex Xobeh.
  5065 | D:4      | Learned a level 5 spell: Venom Bolt
  5731 | D:4      | Gained mutation: You have large cloven feet. [demonic ancestry]
  5731 | D:4      | Reached XP level 7. HP: 46/46 MP: 5/10
  5746 | D:5      | Entered Level 5 of the Dungeon
  5785 | D:4      | Reached * piety under Okawaru
  5785 | D:4      | Reached skill level 5 in Poison Magic
  5895 | D:5      | Reached skill level 1 in Invocations
  6387 | D:5      | Found a glowing silver altar of Zin.
  6387 | D:5      | Found a glowing golden altar of the Shining One.
  6388 | D:5      | Found a white marble altar of Elyvilon.
  6826 | D:5      | Noticed a two-headed ogre
  6826 | D:5      | a water moccasin changed into a two-headed ogre
  6848 | D:5      | Killed a two-headed ogre
  6848 | D:5      | Reached XP level 8. HP: 41/52 MP: 0/14
  6855 | D:5      | Reached ** piety under Okawaru
  6939 | D:5      | Found a blossoming altar of Fedhas.
  6940 | D:5      | Found a shadowy altar of Dithmenos.
  6945 | D:5      | Found a sacrificial altar of Ru.
  6946 | D:5      | Found an ancient bone altar of Kikubaaqudgha.
  6946 | D:5      | Found a radiant altar of Vehumet.
  6947 | D:5      | Found a burning altar of Makhleb.
  6955 | D:5      | Got a shimmering whip
  6976 | D:5      | Identified the +4 whip "Grim Tooth" {protect, rN+} (You found it on level 5 of the Dungeon)
  7434 | D:6      | Found a glowing drain.
  7438 | Sewer    | Entered a sewer
  7548 | Sewer    | Noticed Purgy
  7552 | Sewer    | Killed Purgy
  7745 | D:6      | Noticed Edmund
  7767 | D:6      | Killed Edmund
  8097 | D:6      | Got a jewelled leather armour
  8108 | D:6      | Identified the +1 leather armour of the Barracuda {rPois} (You found it on level 6 of the Dungeon)
  8155 | D:6      | Reached *** piety under Okawaru
  8664 | D:7      | Reached XP level 9. HP: 57/57 MP: 11/15
  8914 | D:7      | Found a staircase to the Ecumenical Temple.
  9458 | D:7      | Reached **** piety under Okawaru
  9481 | D:7      | Reached skill level 5 in Stealth
  9813 | D:7      | Reached skill level 1 in Fighting
 10228 | D:7      | Found a staircase to the Ecumenical Temple.
 10346 | D:8      | Reached skill level 1 in Evocations
 10439 | D:8      | Identified the Catalogue of the Traveller and Clay
 10444 | D:8      | Learned a level 2 spell: Blink
 10854 | D:8      | Found a staircase to the Lair.
 11211 | D:8      | Gained mutation: A weak demonic guardian rushes to your aid. [demonic ancestry]
 11211 | D:8      | Reached XP level 10. HP: 67/73 MP: 13/16
 11230 | D:8      | Reached skill level 5 in Fighting
 11348 | D:8      | Reached skill level 1 in Translocations
 11454 | D:9      | Got an ancient hand crossbow
 11490 | D:9      | Reached skill level 1 in Short Blades
 11797 | D:9      | Reached ***** piety under Okawaru
 11948 | D:9      | Gained mutation: You can translocate small distances at will. [mutagenic meat]
 11949 | D:9      | Gained mutation: You are frail. (-10% HP) [mutagenic meat]
 11950 | D:9      | Gained mutation: Your system is resistant to poisons. (rPois) [mutagenic meat]
 11951 | D:9      | Gained mutation: You are resistant to hostile enchantments. (MR+) [mutagenic meat]
 12098 | D:10     | Entered Level 10 of the Dungeon
 12622 | D:10     | Found a portal to a secret trove of treasure.
 12758 | D:10     | Gained mutation: You are agile. (Dex +2) [potion of mutation]
 12758 | D:10     | Gained mutation: You are mostly covered in slimy green scales. (AC +3) [potion of mutation]
 12758 | D:10     | Lost mutation: You are mostly covered in slimy green scales. (AC +3) [potion of mutation]
 12759 | D:10     | Gained mutation: You are occasionally teleported next to monsters. [potion of mutation]
 12760 | D:10     | Lost mutation: You are agile. (Dex +2) [potion of cure mutation]
 12760 | D:10     | Lost mutation: You are resistant to hostile enchantments. (MR+) [potion of cure mutation]
 12760 | D:10     | Lost mutation: You are frail. (-10% HP) [potion of cure mutation]
 12760 | D:10     | Lost mutation: Your system is resistant to poisons. (rPois) [potion of cure mutation]
 12910 | D:10     | Reached skill level 5 in Short Blades
 13070 | D:10     | Noticed a black mamba
 13087 | D:10     | Killed a black mamba
 13298 | D:10     | Reached skill level 5 in Invocations
 13517 | D:11     | Received a gift from Okawaru
 13590 | D:11     | Noticed an eight-headed hydra
 13977 | D:11     | Noticed a gargoyle
 14003 | D:11     | Gained mutation: You have hoof-like feet. [demonic ancestry]
 14003 | D:11     | Reached XP level 11. HP: 64/79 MP: 10/17
 14088 | D:11     | Found a frozen archway.
 14098 | IceCv    | Entered an ice cave
 14153 | IceCv    | Slain by a polar bear

Vault maps used:
D:1:      onia_arrival_handbag, st_stairs_4, roderic_lattice_a,
          serial_bayou_ford_a
D:2:      corexii_shack, okawaru_ov_weapons_minmay, uniq_terence, uniq_robin
D:3:      first_bread, trog_wizard
D:4:      nemelex_spade_bored_becter, uniq_blork_the_orc
D:5:      good_gods_mini_temple, grunt_temple_overflow_open,
          kennysheep_generic_room_5
D:6:      gup_sewer_entry_bowl, uniq_edmund
D:7:      grunt_livestock
D:8:      minmay_lair_entry_lava, grunt_ministairs_12
D:10:     nicolae_trove_entry_diagonal
D:11:     portal_ice_cave_demonic_guard
Sewer:    kennysheep_door_sewer
IceCv:    ice_cave_small_giant

Skill      XL: |  1  2  3  4  5  6  7  8  9 10 11 |
---------------+----------------------------------+-----
Conjurations   | 1 2 3 4 5 6 8 |  8.1
Air Magic      | 2 |  2.3
Poison Magic   | 6 7 8 |  8.3
Invocations    | 2 5 6 |  6.2
Spellcasting   | 4 |  4.0
Stealth        | 6 |  6.2
Fighting       | 4 5 |  5.0
Evocations     | 1 |  1.0
Translocations | 2 |  2.1
Short Blades   | 6 |  6.7
Dodging        | |  1.7

Action                   |  1- 3 |  4- 6 |  7- 9 | 10-12 || total
-------------------------+-------+-------+-------+-------++-------
Melee: Unarmed           |    17 |     1 |       |       ||    18
       Dagger            |    79 |       |       |       ||    79
       Short sword       |     2 |    15 |       |       ||    17
       Hand axe          |       |   157 |   385 |       ||   542
       Whip              |       |       |   127 |       ||   127
       Trident           |       |       |    13 |   456 ||   469
       Punch             |       |       |     2 |     2 ||     4
 Cast: Sting             |    77 |    76 |    55 |    34 ||   242
       Mephitic Cloud    |     3 |       |     9 |    10 ||    22
       Venom Bolt        |       |       |     4 |     2 ||     6
       Blink             |       |       |       |     1 ||     1
Invok: Heroism           |       |       |     4 |     8 ||    12
Evoke: Wand              |       |       |     3 |     2 ||     5
  Use: Scroll            |     3 |     5 |    12 |     7 ||    27
       Potion            |       |       |     1 |    11 ||    12
 Stab: Confused          |     1 |       |     4 |     4 ||     9
       Sleeping          |       |       |     3 |     8 ||    11
       Distracted        |       |       |       |     4 ||     4
       Invisible         |       |       |       |     1 ||     1
  Eat: Chunk             |     3 |    13 |    17 |    14 ||    47
       Fruit             |     3 |       |     3 |       ||     6
       Beef jerky        |       |       |     1 |       ||     1
       Pizza             |       |       |     3 |     1 ||     4
Armor: Robe              |    26 |    63 |    35 |       ||   124
       Leather armour    |       |       |   238 |   278 ||   516
Dodge: Dodged            |    66 |   125 |   328 |   356 ||   875
